 Dungeon Crawl Stone Soup version 0.27-a0-1177-g245c70e1c0 (webtiles) character file.

Game seed: 4410103592086272154

25696 night the Thaumaturge (level 13, -2/88 HPs)
             Began as an Octopode Venom Mage on May 16, 2021.
             Was an Initiate of Gozag.
             Slain by a cane toad (21 damage)
             ... on level 4 of the Lair of Beasts.
             The game lasted 00:51:56 (20804 turns).

night the Thaumaturge (Octopode Venom Mage)        Turns: 20804, Time: 00:51:57

Health: -2/88      AC:  4    Str:  7    XL:     13   Next: 21%
Magic:  13/28      EV: 15    Int: 31    God:    Gozag
Gold:   772        SH: 11    Dex: 14    Spells: 17/34 levels left

rFire    x . .     SeeInvis +   R - +5 dagger (venom)
rCold    + + .     Faith    .   Y - +1 kite shield {AC+3}
rNeg     + . .     Spirit   .   (helmet restricted)
rPois    .         Reflect  .   (no amulet)
rElec    +         Harm     .   k - +6 ring of intelligence
rCorr    +         Rampage  .   m - ring of see invisible
Will     +....                  x - ring of protection from cold
Stlth    +++.......             F - +6 ring of intelligence
HPRegen  0.24/turn              X - ring of positive energy
MPRegen  0.21/turn              Z - ring of resist corrosion
                                B - ring of Gereasti {Ice rElec Will+ Int-2 SInv}
                                (no ring)

@: marked, gold aura
A: almost no armour, amphibious, 8 rings, camouflage 1, gelatinous body 1,
(nimble swimmer 1), tentacles
a: Renounce Religion, Potion Petition, Call Merchant, Bribe Branch


You were on level 4 of the Lair of Beasts.
You worshipped Gozag.
Gozag was pleased with you.
You visited 3 branches of the dungeon, and saw 15 of its levels.
You also visited: Sewer and Bailey.

You collected 3970 gold pieces.
You spent 232 gold pieces at shops.
You paid 2966 gold pieces to Gozag.

Inventory:

Hand Weapons
 a - a +4 short sword of electrocution
 b - the +7 hunting sling "Ogre's Foe" {freeze, rElec}
   (You took it off a wight on level 8 of the Dungeon)

   It causes projectiles fired from it to freeze those they strike, causing
   extra injury to most foes and up to half again as much damage against
   particularly susceptible opponents.
   They can also slow down cold-blooded creatures.
   It insulates you from electricity.
 f - a +0 vorpal rapier
 q - a +0 spear
 r - a +0 long sword
 w - a +1 long sword of holy wrath
 E - a +0 vampiric battleaxe
 N - a +0 short sword of draining
 O - a +4 scimitar
 R - a +5 dagger of venom (weapon)
 S - a +3 scimitar of flaming
Missiles
 g - 498 stones
 n - 5 curare-tipped darts
 p - 11 javelins
 u - 5 boomerangs
 C - 4 throwing nets
 H - 75 poisoned darts
 U - 29 sling bullets
Armour
 Y - a +1 kite shield of protection (worn)
Magical Staves
 M - a staff of cold
Jewellery
 k - a +6 ring of intelligence (left tentacle)
 m - a ring of see invisible (right tentacle)
 x - a ring of protection from cold (on tentacle)
 B - the ring of Gereasti (on tentacle) {Ice rElec Will+ Int-2 SInv}
   (You found it on level 7 of the Dungeon)

   [ring of ice]

   It enhances your ice magic.
   It affects your intelligence (-2).
   It makes you vulnerable to fire.
   It protects you from cold.
   It insulates you from electricity.
   It lets you see invisible.
   It increases your willpower.
 F - a +6 ring of intelligence (on tentacle)
 W - a ring of protection from cold
 X - a ring of positive energy (on tentacle)
 Z - a ring of resist corrosion (on tentacle)
Wands
 d - a wand of acid (4)
 s - a wand of flame (35)
 y - a wand of mindburst (9)
 T - a wand of iceblast (4)
Scrolls
 i - a scroll of teleportation
 v - a scroll of magic mapping
 A - 3 scrolls of amnesia
 D - a scroll of blinking
 I - a scroll of enchant armour
 P - a scroll of identify
Potions
 c - 5 potions of might
 e - 14 potions of curing
 h - 4 potions of heal wounds
 j - 2 potions of invisibility {unknown}
 l - 2 potions of magic
 o - 6 potions of flight
 t - a potion of cancellation {unknown}
 z - 4 potions of brilliance
 G - 3 potions of mutation
 J - 2 potions of resistance {unknown}
 L - a potion of experience {unknown}
 Q - a potion of attraction {unknown}
 V - a potion of lignification {unknown}
Miscellaneous
 K - a condenser vane


   Skills:
 + Level 8.2 Fighting
 + Level 8.3 Long Blades
 + Level 6.9 Dodging
 - Level 2.6 Stealth
 + Level 9.0 Shields
 * Level 11.2 Spellcasting
 - Level 1.0 Transmutations
 - Level 6.0 Air Magic
 - Level 9.0 Poison Magic


You had 17 spell levels left.
You knew the following spells:

 Your Spells              Type           Power      Damage    Failure   Level
a - Sting                 Tmut/Pois      100%       1d8       1%          1
b - Poisonous Vapours     Pois/Air       100%       N/A       1%          2
c - Ignite Poison         Fire/Tmut/Pois 38%        N/A       4%          3
d - Olgreb's Toxic Radia  Pois           65%        N/A       1%          4
e - Mephitic Cloud        Conj/Pois/Air  48%        N/A       2%          3
f - Summon Lightning Spi  Summ/Air       36%        N/A       19%         4

Your spell library contained the following spells:

 Spells                   Type           Power      Damage    Failure   Level
 Animate Skeleton         Necr           34%        N/A       6%          1
 Apportation              Tloc           34%        N/A       6%          1
 Corona                   Hex            18%        N/A       6%          1
 Summon Small Mammal      Summ           68%        N/A       6%          1
 Call Imp                 Summ           17%        N/A       10%         2
 Call Canine Familiar     Summ           17%        N/A       19%         3
 Summon Guardian Golem    Hex/Summ       17%        N/A       19%         3
 Summon Ice Beast         Ice/Summ       26%        N/A       52%         4


Dungeon Overview and Level Annotations

Branches:
Dungeon (10/15)            Temple (1/1) D:4            Lair (4/6) D:10
 Spider (0/4) Lair:2          Orc (0/2) D:10          Sewer (visited)
 Bailey (visited)
  Swamp: Lair:2-4    Shoals: Lair:2-4

Altars:
Ashenzari
Cheibriados
Dithmenos
Elyvilon
Fedhas
Gozag
Hepliaklqana
Kikubaaqudgha
Makhleb
Nemelex Xobeh
Okawaru
Qazlal
Ru
Sif Muna
Trog
Uskayaw
Vehumet
Wu Jian
Xom
Yredelemnul
Zin
The Shining One

Shops:
D:4 (   Lair:3 *:*[

Annotations:
D:4 2 transporters, stazo's ghost, amateur HOFi
D:9 1 runed translucent door, Flogoulo's ghost, novice FoAK
Lair:4 2 transporters


Innate Abilities, Weirdness & Mutations

You cannot wear most types of armour.
You are amphibious.
You can wear up to eight rings at the same time.
Your skin changes colour to match your surroundings (Stealth+).
Your rubbery body absorbs attacks. (AC +1, EV +1)
((You are camouflaged near water. (Stealth+)))
You have tentacles for arms and can constrict up to eight enemies at once.


Message History

The black mamba is engulfed in blazing flames.
The black mamba closely misses you.
You hit the black mamba. Your grab misses the black mamba.
You squeeze the black mamba.
The black mamba is moderately wounded.
You feel sick.
The black mamba is engulfed in blazing flames.
You block the black mamba's attack.
You hit the black mamba. Your grab misses the black mamba.
You squeeze the black mamba.
The black mamba is severely wounded.
You feel sick.
The black mamba is engulfed in blazing flames.
The black mamba closely misses you.
The black mamba is engulfed in blazing flames.
You kill the black mamba!
You start resting.
You feel sick. x2
Your magical contamination has completely faded away.
You start resting.
You feel sick. x4
You are no longer poisoned.
A cane toad comes into view.
A cane toad is nearby!
Casting: Ignite Poison (dangerous; 4% risk of failure)
Confirm with . or Enter, or press ? or * to list all spells.
Aiming: Mephitic Cloud (mildly dangerous; 2% risk of failure)
Press: ? - help, Shift-Dir - straight line, f - cane toad
Aim: a cane toad (not susceptible)
The ball explodes into a vile cloud!
The stinking cloud engulfs the cane toad but does no damage.
A basilisk comes into view.
You hit the cane toad but do no damage. You grab the cane toad.
You constrict the cane toad. You block the cane toad's attack.
The basilisk is engulfed in noxious fumes.
The basilisk appears confused.
You hit the cane toad but do no damage.
The cane toad is lightly wounded.
You constrict the cane toad, but do no damage.
The cane toad stings you!!
You die...
Your body crumbles into a pile of gold.

#............#.
#......#P....##
##......##....##
#.......##....##
##......#......#
#.......##....##
##
#........###.###
..####.###☼......#
.
.......@F☼l.......
####..######.###P#
## ## ##


You could see a cane toad and a basilisk (confused).

Vanquished Creatures
  Rupert (Lair:3)
  An orc warlord (Bailey)
  Harold (D:7)
  A hydra (Lair:3)
  Erica (D:10)
  3 orc knights (Bailey)
  6 elephants (Lair:4)
  4 black mambas
  3 cane toads
  A rime drake (Lair:2)
  Maggie (D:6)
  2 komodo dragons
  A troll (D:9)
  2 polar bears
  11 blink frogs
  Sigmund (D:5)
  A shadow (D:10)
  A spriggan (Lair:3)
  4 wyverns
  10 yaks
  6 fire bats (Lair:2)
  A steam dragon (D:7)
  3 wargs
  Menkaure (D:6)
  11 water moccasins
  3 black bears
  15 orc warriors
  An ice beast (D:5)
  10 wolves
  4 centaurs
  2 ogres
  7 kobold brigands
  5 bullfrogs
  4 scorpions
  A water moccasin skeleton (D:5)
  12 killer bees
  8 howler monkeys
  3 wights (D:8)
  A bullfrog zombie (D:7)
  2 centaur zombies
  3 bullfrog skeletons
  2 hounds
  5 orc priests
  Ijyb (D:4)
  2 centaur skeletons
  A gnoll shaman (D:7)
  An iguana (D:4)
  10 orc wizards
  A killer bee zombie (D:7)
  2 hound skeletons (D:4)
  A howler monkey zombie (D:9)
  15 gnolls
  6 river rats
  10 adders
  A shadow imp (D:8)
  A white imp (D:6)
  An ufetubus (D:3)
  5 worms
  4 dart slugs
  54 orcs
  A bat (D:1)
  An endoplasm (D:4)
  A giant cockroach (D:1)
  23 goblins
  25 hobgoblins
  3 jackals (D:2)
  5 quokkas
  23 ball pythons
  A frilled lizard (D:1)
  48 kobolds
  43 rats
456 creatures vanquished.

Vanquished Creatures (collateral kills)
  A wolf (Lair:1)
  2 gnolls (D:5)
  An ufetubus (D:5)
4 creatures vanquished.

Vanquished Creatures (others)
  23 fungi
  19 plants
42 creatures vanquished.

Grand Total: 502 creatures vanquished

Notes
Turn   | Place    | Note
-------+----------+-------------------------------------------
     0 | D:1      | night the Octopode Venom Mage began the quest for the Orb.
     0 | D:1      | Reached XP level 1. HP: 11/11 MP: 3/3
   324 | D:1      | Reached XP level 2. HP: 11/17 MP: 3/5
   959 | D:1      | Learned a level 2 spell: Poisonous Vapours
  1601 | D:2      | Reached XP level 3. HP: 21/21 MP: 3/6
  1605 | D:2      | Learned a level 3 spell: Mephitic Cloud
  1633 | D:2      | Found an ornate altar of the Wu Jian Council.
  2051 | D:2      | Reached skill level 3 in Spellcasting
  2141 | D:2      | Reached skill level 5 in Poison Magic
  2141 | D:2      | Reached XP level 4. HP: 10/27 MP: 4/8
  2389 | D:2      | Learned a level 3 spell: Ignite Poison
  3038 | D:3      | Reached XP level 5. HP: 31/31 MP: 7/10
  3209 | D:3      | Found a faded altar of an unknown god.
  3500 | D:3      | Reached skill level 4 in Spellcasting
  3500 | D:3      | Reached XP level 6. HP: 36/36 MP: 7/12
  3505 | D:3      | Learned a level 4 spell: Olgreb's Toxic Radiance
  4033 | D:4      | Found a staircase to the Ecumenical Temple.
  4111 | Temple   | Entered the Ecumenical Temple
  4201 | Temple   | Became a worshipper of Gozag Ym Sagoz the Greedy
  4256 | D:4      | Noticed Ijyb
  4259 | D:4      | Killed Ijyb
  4345 | D:4      | Found a transporter.
  4407 | D:4      | Found a transporter.
  4407 | D:4      | Noticed stazo's ghost (amateur HOFi)
  4636 | D:4      | Found Caodyrikk's Weapon Boutique.
  5043 | D:5      | Entered Level 5 of the Dungeon
  5058 | D:5      | Reached skill level 5 in Spellcasting
  5058 | D:5      | Reached XP level 7. HP: 41/41 MP: 0/14
  5881 | D:5      | Reached skill level 1 in Fighting
  5881 | D:5      | Reached skill level 1 in Long Blades
  5909 | D:5      | Reached XP level 8. HP: 38/48 MP: 9/16
  6260 | D:5      | Noticed Sigmund
  6266 | D:5      | Killed Sigmund
  6267 | D:5      | Reached skill level 2 in Fighting
  6267 | D:5      | Reached skill level 2 in Long Blades
  6267 | D:5      | Reached skill level 6 in Spellcasting
  7160 | D:6      | Found a glowing drain.
  7171 | Sewer    | Entered a sewer
  8023 | D:6      | Noticed Maggie
  8031 | D:6      | Noticed Menkaure
  8035 | D:6      | Killed Maggie
  8036 | D:6      | Reached XP level 9. HP: 49/58 MP: 0/19
  8252 | D:6      | Reached skill level 7 in Spellcasting
  8808 | D:6      | HP: 6/59 [Menkaure (18)]
  8809 | D:6      | Killed Menkaure
  9433 | D:7      | Identified the ring of Gereasti {Ice rElec Will+ Int-2
                  | SInv}
  9514 | D:7      | Reached skill level 5 in Long Blades
  9637 | D:7      | Reached skill level 5 in Fighting
 10069 | D:7      | Noticed Harold
 10082 | D:7      | Killed Harold
 10083 | D:7      | Reached skill level 8 in Spellcasting
 10083 | D:7      | Reached XP level 10. HP: 68/68 MP: 3/22
 10778 | D:8      | Found a flagged portal.
 10786 | Bailey   | Entered a bailey
 10922 | Bailey   | Reached skill level 9 in Spellcasting
 11014 | Bailey   | Noticed an orc knight
 11018 | Bailey   | Killed an orc knight
 11280 | Bailey   | Noticed an orc warlord
 11280 | Bailey   | Noticed an orc knight
 11281 | Bailey   | Noticed an orc knight
 11289 | Bailey   | Reached skill level 5 in Dodging
 11294 | Bailey   | Killed an orc warlord
 11294 | Bailey   | Killed an orc knight
 11295 | Bailey   | Reached skill level 10 in Spellcasting
 11295 | Bailey   | Reached XP level 11. HP: 63/75 MP: 1/25
 11434 | Bailey   | Killed an orc knight
 11525 | Bailey   | Identified a scroll of acquirement
 11525 | Bailey   | Acquired 525 gold pieces
 11793 | D:8      | Identified the +7 hunting sling "Ogre's Foe" {freeze,
                  | rElec}
 12827 | D:9      | Found a runed translucent door.
 12828 | D:9      | Noticed Flogoulo's ghost (novice FoAK)
 14044 | D:10     | Entered Level 10 of the Dungeon
 14066 | D:10     | Reached skill level 1 in Shields
 14356 | D:10     | Found a staircase to the Lair.
 14361 | D:10     | Reached skill level 2 in Shields
 14549 | D:10     | Noticed Erica
 14563 | D:10     | Killed Erica
 15182 | D:10     | Found a hide-covered altar of Uskayaw.
 15293 | D:10     | Found a staircase to the Orcish Mines.
 15650 | Lair:1   | Entered Level 1 of the Lair of Beasts
 15669 | Lair:1   | Reached skill level 5 in Shields
 15676 | Lair:1   | Reached XP level 12. HP: 57/81 MP: 10/26
 16153 | Lair:1   | You fall into a shaft and drop 1 floor!
 16153 | Lair:2   | Found a hole to the Spider Nest.
 17952 | Lair:2   | Learned a level 4 spell: Summon Lightning Spire
 18363 | Lair:3   | HP: 12/82 [black mamba (7)]
 18363 | Lair:3   | HP: 3/82 [black mamba (9)]
 18365 | Lair:3   | Reached skill level 1 in Air Magic
 18663 | Lair:3   | Bought a glowing kite shield for 232 gold pieces
 18708 | Lair:3   | Reached skill level 2 in Air Magic
 18742 | Lair:3   | Noticed Rupert
 18749 | Lair:3   | Noticed a four-headed hydra
 18754 | Lair:3   | HP: 11/82 [Rupert/+1 great sword of protection (23)]
 18759 | Lair:3   | Killed Rupert
 18760 | Lair:3   | Reached skill level 5 in Air Magic
 18777 | Lair:3   | Noticed a seven-headed hydra
 19675 | Lair:3   | Killed a one-headed hydra
 20483 | Lair:4   | Reached XP level 13. HP: 88/88 MP: 23/27
 20541 | Lair:4   | Found a transporter.
 20606 | Lair:4   | Reached skill level 11 in Spellcasting
 20760 | Lair:4   | Found a transporter.
 20804 | Lair:4   | Slain by a cane toad

Illustrated notes

Levels and vault maps discovered:
D:1:      saegor_arrival_simple_b, layout_loops_corners
D:2:      layout_basic, basic_altar
D:3:      layout_rooms, basic_ecumenical_altar, st_stairs_8,
          minmay_snake_closets
D:4:      layout_basic, minmay_temple_entry_purple_smoke, serial_shops, shop,
          gammafunk_ghost_mausoleum, amcnicky_mini_rare_corridor_liquid,
          minmay_rat_hole, uniq_ijyb
D:5:      layout_basic, uniq_sigmund
D:6:      layout_cave_pools, lightli_sewer_entry_pipes, minivault_23,
          minmay_misc_feat_hallway, feat_on_display, uniq_maggie, uniq_menkaure
D:7:      layout_cave_pools, minmay_crossroads, uniq_harold
D:8:      layout_loops_ring, enter_bailey_2, grunt_decor_junction
D:9:      layout_basic, gammafunk_ghost_grave
D:10:     layout_gridville, nicolae_uskayaw_dance_studio,
          erik_lair_orcish_takeover, david_orc_2, uniq_erica
Temple:   compressed_dpeg_triangle_lava_temple
Lair:1:   layout_cave_shapes
Lair:2:   layout_chaotic_city, spider_nest_entry_web_field
Lair:3:   layout_regular_city, grunt_forest_stairs_clearing, uniq_rupert
Lair:4:   layout_regular_city, elwin_shoals_entry_rocks,
          gammafunk_ghost_wrathful_warriors, kilobyte_rumbling_trees

Skill      XL: |  1  2  3  4  5  6  7  8  9 10 11 12 13 |
---------------+----------------------------------------+-----
Poison Magic   | 4 5 6 7 8 9 |  9.0
Spellcasting   | 3 4 5 6 8 10 11 | 11.2
Fighting       | 1 4 5 7 8 |  8.2
Long Blades    | 1 4 5 7 8 |  8.3
Dodging        | 3 5 6 |  6.9
Shields        | 6 8 9 |  9.0
Air Magic      | 6 |  6.0
Stealth        | |  2.6
Transmutations | |  1.0

Action                   |  1- 3 |  4- 6 |  7- 9 | 10-12 | 13-15 || total
-------------------------+-------+-------+-------+-------+-------++-------
Melee: Short sword       |    27 |    32 |    10 |    58 |       ||   127
       Unarmed           |     4 |       |       |       |       ||     4
       Tentacles         |     2 |     6 |    23 |    39 |     9 ||    79
       Constrict         |     4 |     8 |    30 |    40 |     5 ||    87
       Dagger            |       |     9 |   118 |   102 |    37 ||   266
       Whip              |       |     6 |       |       |       ||     6
       Long sword        |       |       |    10 |    28 |       ||    38
       Scimitar          |       |       |       |    16 |       ||    16
 Cast: Sting             |     7 |     1 |    10 |    29 |     4 ||    51
       Poisonous Vapours |    18 |    33 |    24 |    29 |     3 ||   107
       Ignite Poison     |       |     4 |    15 |    49 |     7 ||    75
       Olgreb's Toxic Ra |       |     3 |    20 |    45 |     3 ||    71
       Mephitic Cloud    |       |       |     9 |     8 |     2 ||    19
Invok: Call Merchant     |       |       |       |     4 |       ||     4
Evoke: Wand              |       |       |     4 |     4 |       ||     8
  Use: Scroll            |     5 |     7 |     4 |    10 |       ||    26
       Potion            |       |       |       |     3 |       ||     3
 Stab: Sleeping          |     1 |    10 |    11 |     4 |       ||    26
       Distracted        |       |       |     1 |     2 |       ||     3
Armor: Skin              |     1 |     3 |     8 |     8 |     5 ||    25
Dodge: Dodged            |    15 |    22 |    93 |   128 |    31 ||   289
Block: Kite shield       |       |       |       |    88 |    22 ||   110
       Rpst.: Long sword |       |       |     2 |    10 |       ||    12
       Scimitar          |       |       |       |     2 |       ||     2

Table legend: (Time is in decaauts)
 A = Elapsed time spent in this place.
 B = Non-inter-level travel time spent in this place.
 C = Inter-level travel time spent in this place.
 D = Time resting spent in this place.
 E = Time spent auto-exploring this place.
 F = Levels seen in this place.
 G = Mean time per level.
                   A        B        C        D        E       F      G
               +--------+--------+--------+--------+--------+-----+--------+
         Total |  20794 |  20200 |    594 |   5800 |  11251 |  17 | 1223.2 |
       Dungeon |  13904 |  13463 |    441 |   3531 |   8106 |  10 | 1390.4 |
        Temple |    105 |    105 |      0 |      0 |     78 |   1 |  105.0 |
          Lair |   5147 |   4994 |    153 |   2015 |   2325 |   4 | 1286.8 |
         Sewer |    755 |    755 |      0 |     24 |    516 |   1 |  755.0 |
        Bailey |    882 |    882 |      0 |    230 |    226 |   1 |  882.0 |
               +--------+--------+--------+--------+--------+-----+--------+

Top non-repeatable levels by time:
  Lair:3: 2170 daAuts
     D:5: 1924 daAuts
     D:9: 1770 daAuts
     D:1: 1582 daAuts
  Lair:2: 1570 daAuts
     D:2: 1381 daAuts
     D:4: 1341 daAuts
    D:10: 1336 daAuts
     D:8: 1288 daAuts
     D:6: 1265 daAuts
     D:7: 1107 daAuts
  Lair:1: 1067 daAuts
     D:3: 904 daAuts
  Bailey: 882 daAuts
   Sewer: 755 daAuts
